 Dungeon Crawl Stone Soup version 0.23.2-40-g277498a001 (webtiles) character file.

Game seed: 7429023453685564830

240 DanielSan83 the Skirmisher (level 6, -1/53 HPs)
             Began as a Hill Orc Fighter on Sept 26, 2019.
             Slain by a water moccasin skeleton (4 damage)
             ... on level 5 of the Dungeon.
             The game lasted 00:25:41 (1913 turns).

DanielSan83 the Skirmisher (Hill Orc Fighter)       Turns: 1913, Time: 00:25:41

Health: -1/53      AC:  4    Str: 18 (19) XL:     6   Next: 8%
Magic:  2/2        EV:  7    Int:  7 (8)  God:
Gold:   94         SH:  9    Dex: 10 (12) Spells: 5/5 levels left

rFire    . . .     SeeInvis .   y - +2 mace (antimagic)
rCold    . . .     Gourm    .   c - +0 shield
rNeg     . . .     Faith    .   b - +1 scale mail
rPois    .         Spirit   .   (no helmet)
rElec    .         Reflect  .   (no cloak)
rCorr    .         Harm     .   (no gloves)
MR       .....                  (no boots)
Stlth    ..........             (no amulet)
HPRegen  0.17/turn              (no ring)
MPRegen  0.08/turn              (no ring)

@: corroded
A: no striking features
a: no special abilities


You were on level 5 of the Dungeon.
You were not hungry.

You visited 1 branch of the dungeon, and saw 5 of its levels.

You collected 94 gold pieces.

Inventory:

Hand Weapons
 a - a +0 rapier
 g - a +0 spear
 j - a +0 dagger
 l - a +0 hunting sling
 n - a +0 short sword
 q - a +0 dagger
 r - a +0 hand axe
 y - a +2 antimagic mace (weapon)
Missiles
 i - 22 stones
 k - 28 bolts
 t - 29 poisoned needles (quivered)
 w - 34 arrows
Armour
 b - a +1 scale mail (worn)
 c - a +0 shield (worn)
 h - a +0 ring mail
 p - a +0 robe
Scrolls
 e - 2 scrolls of remove curse
 u - a scroll of identify {unknown}
 v - a scroll of magic mapping {unknown}
 x - a scroll of teleportation {unknown}
Potions
 d - a potion of heal wounds {unknown}
 m - a potion of magic
 o - a potion of invisibility
Comestibles
 f - 2 rations


   Skills:
 + Level 4.4 Fighting
 + Level 2.4 Short Blades
 + Level 3.2(3.5) Axes
 + Level 1.9(2.5) Maces & Flails
 + Level 4.2 Armour
 + Level 0.9 Dodging
 + Level 0.1 Stealth
 + Level 4.4 Shields


You had 5 spell levels left.
You didn't know any spells.
Your spell library was empty.

Dungeon Overview and Level Annotations

Branches:
Dungeon (5/15)
 Temple: D:4-7

Altars:
Yredelemnul


Message History

Increase (S)trength, (I)ntelligence, or (D)exterity?
Uppercase letters only, please.
You feel agile. The water moccasin skeleton bites you.
* * * LOW HITPOINT WARNING * * *
The water moccasin skeleton bites you but does no damage.
It was a potion of degeneration.
There was something very wrong with that liquid.
You feel weakened.
You feel dopey.
You feel clumsy.
You block the water moccasin skeleton's attack.
You thump the water moccasin skeleton!
The water moccasin skeleton is moderately damaged.
The water moccasin skeleton bites you.
* * * LOW HITPOINT WARNING * * *
You closely miss the water moccasin skeleton.
The water moccasin skeleton is moderately damaged.
The water moccasin skeleton bites you.
* * * LOW HITPOINT WARNING * * *
The water moccasin skeleton bites you.
You die...

#....... #.###### #.#
#.##### ############
#.#...##
...........######.#.....
................#.......
........Z.............#.
.......@........###...#.
................#.'.....
##...#.....####.#.#†..#.
### #....... ..#<......
....................
.............#.##....
.............#.....#.
.....####+## ###.....
......


You could see a water moccasin skeleton.

Vanquished Creatures
  A sky beast (D:5)
  A jelly (D:5)
  A worker ant (D:5)
  2 adders (D:2)
  2 gnolls (D:1)
  A worm (D:2)
  A dart slug (D:1)
  3 leopard geckos
  3 orcs (D:2)
  3 ball pythons (D:2)
  6 goblins
  7 hobgoblins
  5 kobolds
  A ball python skeleton (D:4)
  4 bats
  6 frilled lizards
  3 rats
50 creatures vanquished.

Notes
Turn   | Place    | Note
-------+----------+-------------------------------------------
     0 | D:1      | DanielSan83 the Hill Orc Fighter began the quest for the
                  | Orb.
     0 | D:1      | Reached XP level 1. HP: 19/19 MP: 1/1
     2 | D:1      | Noticed a vine stalker
     2 | D:1      | Noticed a vampire
     4 | D:1      | Noticed a halfling
     6 | D:1      | Noticed a formicid
     6 | D:1      | Noticed a draconian
     8 | D:1      | Noticed an elf
     8 | D:1      | Noticed a centaur
    10 | D:1      | Noticed an ogre
    10 | D:1      | Noticed a minotaur
    12 | D:1      | Noticed a felid
    14 | D:1      | Noticed an octopode
    14 | D:1      | Noticed a dwarf
    16 | D:1      | Noticed a human
    16 | D:1      | Noticed a gargoyle
    18 | D:1      | Noticed a demigod
    18 | D:1      | Noticed a spriggan
    20 | D:1      | Noticed a naga
    20 | D:1      | Noticed a merfolk
    22 | D:1      | Noticed a demonspawn
    24 | D:1      | Noticed a ghoul
    24 | D:1      | Noticed a tengu
    26 | D:1      | Noticed a troll
   283 | D:1      | Reached XP level 2. HP: 25/27 MP: 2/2
   508 | D:2      | Reached XP level 3. HP: 26/33 MP: 3/3
  1423 | D:2      | Reached XP level 4. HP: 31/40 MP: 4/4
  1459 | D:1      | Reached skill level 1 in Axes
  1595 | D:4      | Found a basalt altar of Yredelemnul.
  1831 | D:5      | Entered Level 5 of the Dungeon
  1832 | D:5      | Noticed a sky beast
  1847 | D:5      | Killed a sky beast
  1847 | D:5      | Reached XP level 5. HP: 39/47 MP: 1/5
  1910 | D:5      | Reached skill level 1 in Maces & Flails
  1910 | D:5      | Reached XP level 6. HP: 15/53 MP: 2/6
  1913 | D:5      | Slain by a water moccasin skeleton

Skill      XL: |  1  2  3  4  5 |
---------------+----------------+-----
Fighting       | 4 |  4.4
Shields        | 4 |  4.4
Axes           | 3 |  3.2
Armour         | 4 |  4.2
Maces & Flails | 1 |  1.9
Short Blades   | |  2.4
Dodging        | |  0.9
Stealth        | |  0.1

Action                   |  1- 3 |  4- 6 || total
-------------------------+-------+-------++-------
Melee: Rapier            |    76 |       ||    76
       Hand axe          |    60 |    23 ||    83
       Mace              |       |    38 ||    38
  Use: Scroll            |     3 |       ||     3
       Potion            |     1 |     3 ||     4
  Eat: Ration            |     1 |     1 ||     2
Armor: Scale mail        |    72 |    33 ||   105
Dodge: Dodged            |    36 |    19 ||    55
Block: Shield            |    76 |    33 ||   109
